 Dungeon Crawl Stone Soup version 0.21.1-1-g345015f (webtiles) character file.

12203 Fang the Cleaver (level 11, -1/108 HPs)
             Began as a Gargoyle Berserker on June 12, 2018.
             Was a High Priest of Trog.
             Slain by an ice devil (8 damage)
             ... in an ice cave.
             The game lasted 00:19:56 (9858 turns).

Fang the Cleaver (Gargoyle Berserker)               Turns: 9858, Time: 00:19:56

Health: -1/108     AC: 24    Str: 30    XL:     11   Next: 89%
Magic:  0/11       EV: 11    Int:  7    God:    Trog [*****.]
Gold:   463        SH:  0    Dex:  9    Spells: 10/10 levels left

rFire    + . .     SeeInvis .   v - +2 battleaxe (freeze)
rCold    + . .     Gourm    .   (shield currently unavailable)
rNeg     + . .     Faith    .   d - +5 chain mail of Bedevilment {rF+}
rPois    ∞         Spirit   +   (no helmet)
rElec    +         Reflect  .   s - scarf {Spirit}
rCorr    .         Harm     +   (no gloves)
MR       .....                  (no boots)
Stlth    ..........             w - amulet of harm
HPRegen  0.28/turn              h - ring of protection from fire
MPRegen  0.12/turn              C - ring of ice

@: berserking, very quick
A: negative energy resistance 1, electricity resistance, unbreathing,
petrification resistance, rot immunity, AC +8
a: Berserk, Trog's Hand, Brothers in Arms, Burn Spellbooks, Renounce Religion


You were in an ice cave.
You worshipped Trog.
Trog was extremely pleased with you.
You were hungry.

You visited 3 branches of the dungeon, and saw 13 of its levels.
You also visited: Ice Cave.

You collected 543 gold pieces.
You spent 80 gold pieces at shops.

Inventory:

Hand Weapons
 a - a +3 hand axe
 t - a +3 battleaxe
 v - a +2 battleaxe of freezing (weapon)
 A - a +2 battleaxe of flaming
Armour
 d - the +5 chain mail of Bedevilment (worn) {rF+}
   (You found it on level 6 of the Dungeon)

   It protects you from fire.
 s - a scarf of spirit shield (worn)
 u - the +0 chain mail "Muokko Hiwav" {Stlth+}
   (You found it on level 4 of the Dungeon)

   It makes you more stealthy.
Jewellery
 e - an uncursed amulet of rage
 h - a ring of protection from fire (left hand)
 o - an uncursed amulet of guardian spirit
 w - an amulet of harm (around neck)
 C - a ring of ice (right hand)
 F - an uncursed ring of ice
Wands
 b - a wand of iceblast (9)
 i - a wand of paralysis (33)
 l - a wand of scattershot (6)
 x - a wand of clouds (6)
 D - a wand of random effects (29)
Scrolls
 f - 2 scrolls of remove curse
 j - 2 scrolls of magic mapping
 r - 2 scrolls of teleportation
Potions
 m - 2 potions of brilliance
 n - a potion of cancellation
 p - a potion of berserk rage
 q - 2 potions of curing
 z - a potion of heal wounds
 B - a potion of lignification
 E - a potion of ambrosia {unknown}
 H - 2 potions of flight {unknown}
Books
 g - a book of Minor Magic

   Spells                             Type                      Level
   a - Magic Dart                     Conjuration                  1
   b - Blink                          Translocation                2
   c - Call Imp                       Summoning                    2
   d - Slow                           Hexes                        2
   e - Conjure Flame                  Conjuration/Fire             3
   f - Mephitic Cloud                 Conjuration/Poison/Air       3
   Trog disapproves of the use of such an item.
 k - a book of Misfortune

   Spells                             Type                      Level
   a - Confusing Touch                Hexes                        1
   b - Confuse                        Hexes                        3
   c - Gell's Gravitas                Translocation                3
   d - Petrify                        Transmutation/Earth          4
   e - Metabolic Englaciation         Hexes/Ice                    5
   f - Yara's Violent Unravelling     Hexes/Transmutation          5
   Trog disapproves of the use of such an item.
 y - a book of Minor Magic

   Spells                             Type                      Level
   a - Magic Dart                     Conjuration                  1
   b - Blink                          Translocation                2
   c - Call Imp                       Summoning                    2
   d - Slow                           Hexes                        2
   e - Conjure Flame                  Conjuration/Fire             3
   f - Mephitic Cloud                 Conjuration/Poison/Air       3
   Trog disapproves of the use of such an item.
Miscellaneous
 G - a sack of spiders
Comestibles
 c - 15 rations


   Skills:
 + Level 9.9 Fighting
 + Level 12.3 Axes
 + Level 8.6 Armour
 + Level 5.3 Dodging
 + Level 1.5 Stealth


You had 10 spell levels left.
You didn't know any spells.

Dungeon Overview and Level Annotations

Branches:
Dungeon (11/15)            Temple (1/1) D:5            Lair (1/6) D:9
    Orc: D:9-12

Altars:
Ashenzari
Cheibriados
Dithmenos
Elyvilon
Fedhas
Gozag
Hepliaklqana
Kikubaaqudgha
Makhleb
Nemelex Xobeh
Okawaru
Qazlal
Ru
Sif Muna
Trog
Uskayaw
Vehumet
Wu Jian
Xom
Yredelemnul
Zin
The Shining One

Shops:
D:8 %!!   D:9 :

Annotations:
D:3 1 runed door


Innate Abilities, Weirdness & Mutations

You are resistant to torment.
Your stone body is resilient. (AC +8)
You are immune to poison.
You resist negative energy. (rN+)
You are resistant to electric shocks. (rElec)
You can survive without breathing.
You are immune to petrification.
You are immune to rotting.


Message History

You slash the ice devil!
You kill the ice devil!
Trog accepts your kill.
The ice devil hits you but does no damage.
You barely miss the ice devil.
The ice devil is heavily wounded.
You closely miss the ice devil.
The ice devil hits you but does no damage.
The ice devil hits you!
* * * LOW HITPOINT WARNING * * *
The ice devil freezes you. You resist.
* * * LOW HITPOINT WARNING * * *
You hit the ice devil.
The ice devil is severely wounded.
You slash the ice devil! The ice devil closely misses you. x2
Unknown command.
You closely miss the ice devil.
The ice devil is severely wounded.
You completely miss the ice devil. The ice devil hits you!
You die...

#..............
#.......⌠......
#..............
#..............
#.............
#.............
#.....4.....#
#.@4..# ##...##
##...# #...##
#...## ##...#
##...##
##.....##
#...∩...#


You could see 2 ice devils.

Vanquished Creatures
  Fannar (D:10)
  A two-headed ogre (D:10)
  The ghost of Saba the Markscentaur, a novice CeHu (D:6)
  The ghost of GameKiller the Grappler, a novice VSTm (D:8)
  The ghost of dedward the Ruffian, a novice TrMo of Wu Jian (D:7)
  A centaur zombie (D:10)
  Joseph (D:7)
  A gargoyle (D:10)
  2 ice devils (IceCv)
  2 trolls
  Grinder (D:3)
  3 hippogriffs
  A wyvern (D:10)
  A vampire (D:9)
  The ghost of meatyocre the Chopper, an amateur HOMo (D:3)
  7 yaks
  2 steam dragons
  A hungry ghost (D:10)
  The ghost of ck1fx the Thaumaturge, an amateur DEWz (D:4)
  5 orc warriors
  3 sky beasts
  A black bear (D:6)
  An ice beast (D:6)
  A necrophage (D:10)
  3 phantoms
  6 ogres
  A centaur (D:10)
  4 bullfrogs
  A wyvern skeleton (D:10)
  A scorpion (D:10)
  12 killer bees
  13 wights
  3 crimson imps
  A quasit (D:9)
  A jelly (D:7)
  6 hounds
  7 orc priests
  6 iguanas
  7 orc wizards
  A bullfrog skeleton (D:6)
  A centaur skeleton (D:9)
  8 worker ants
  A hound zombie (D:7)
  A hound skeleton (D:8)
  A worker ant zombie (D:7)
  4 gnolls (D:6)
  8 adders
  3 shadow imps
  2 adder zombies
  3 adder skeletons
  4 worms
  2 dart slugs (D:4)
  4 leopard geckos
  31 orcs
  6 bats
  3 giant cockroaches
  3 goblins (D:1)
  6 hobgoblins
  31 jackals
  7 kobolds
  6 quokkas
  3 ball pythons
  3 frilled lizards
  2 leopard gecko skeletons
  A leopard gecko zombie (D:7)
  A quokka skeleton (D:7)
  14 rats
273 creatures vanquished.

Vanquished Creatures (others)
  An orc wizard (D:4)
1 creature vanquished.

Grand Total: 274 creatures vanquished

Notes
Turn   | Place    | Note
-------+----------+-------------------------------------------
     0 | D:1      | Fang the Gargoyle Berserker began the quest for the Orb.
     0 | D:1      | Reached XP level 1. HP: 14/14 MP: 1/1
    79 | D:1      | Reached XP level 2. HP: 12/19 MP: 2/2
    94 | D:1      | Reached skill level 3 in Axes
   289 | D:1      | Reached XP level 3. HP: 16/24 MP: 3/3
   505 | D:1      | Reached ** piety under Trog
  1330 | D:3      | Noticed Grinder
  1340 | D:3      | Killed Grinder
  1340 | D:3      | Reached skill level 4 in Axes
  1340 | D:3      | Reached XP level 4. HP: 30/30 MP: 4/4
  1340 | D:3      | Reached XP level 5. HP: 34/34 MP: 5/5
  1340 | D:3      | Reached XP level 6. HP: 39/39 MP: 6/6
  1371 | D:3      | Noticed meatyocre's ghost (amateur HOMo)
  1406 | D:3      | Killed meatyocre's ghost
  1484 | D:3      | Found a runed door.
  1484 | D:3      | Noticed an angel
  1485 | D:3      | Found a glowing silver altar of Zin.
  1554 | D:3      | Reached skill level 5 in Fighting
  1896 | D:3      | Reached XP level 7. HP: 43/44 MP: 7/7
  2073 | D:4      | Reached skill level 5 in Axes
  2124 | D:4      | Noticed ck1fx's ghost (amateur DEWz)
  2662 | D:4      | Killed ck1fx's ghost
  2761 | D:4      | Reached *** piety under Trog
  2762 | D:4      | Reached skill level 1 in Stealth
  2762 | D:4      | Reached XP level 8. HP: 50/50 MP: 8/8
  2883 | D:4      | Found a glowing golden altar of the Shining One.
  2895 | D:4      | Reached skill level 6 in Axes
  2927 | D:4      | Got a fine chain mail
  3031 | D:4      | Found a shattered altar of Ashenzari.
  3130 | D:4      | Found an opulent altar of Gozag.
  3272 | D:4      | Found a bloodstained altar of Trog.
  3272 | D:4      | Noticed a moth of wrath
  3679 | D:5      | Entered Level 5 of the Dungeon
  3698 | D:5      | Identified the cursed +0 chain mail "Muokko Hiwav" {Stlth+} (You found it on level 4 of the Dungeon)
  4342 | D:5      | Found a staircase to the Ecumenical Temple.
  4524 | Temple   | Entered the Ecumenical Temple
  4768 | D:6      | Noticed Saba's ghost (novice CeHu)
  4813 | D:6      | Killed Saba's ghost
  4813 | D:6      | Reached skill level 7 in Axes
  4813 | D:6      | Reached skill level 5 in Armour
  4813 | D:6      | Reached XP level 9. HP: 13/56 MP: 3/9
  4821 | D:6      | Got a warped chain mail
  4876 | D:6      | Reached **** piety under Trog
  5211 | D:6      | Reached skill level 8 in Axes
  5736 | D:7      | Noticed Joseph
  5736 | D:7      | Noticed dedward's ghost (novice TrMo)
  5936 | D:7      | Killed dedward's ghost
  5936 | D:7      | Reached skill level 9 in Axes
  5936 | D:7      | Reached XP level 10. HP: 56/64 MP: 4/10
  5938 | D:7      | Killed Joseph
  6097 | D:7      | Found a sacrificial altar of Ru.
  6219 | D:7      | Reached ***** piety under Trog
  6404 | D:7      | Reached skill level 10 in Axes
  6868 | D:7      | Received a gift from Trog
  7260 | D:8      | Noticed GameKiller's ghost (novice VSTm)
  7272 | D:8      | Killed GameKiller's ghost
  7306 | D:8      | Identified the +5 chain mail of Bedevilment {rF+} (You found it on level 6 of the Dungeon)
  7488 | D:8      | Found Liofuzes's Distillery.
  7506 | D:8      | Found an ancient bone altar of Kikubaaqudgha.
  7621 | D:8      | Found Elagea's Distillery.
  7624 | D:8      | Bought a potion of heal wounds for 80 gold pieces
  7869 | D:8      | Reached XP level 11. HP: 69/69 MP: 11/11
  7871 | D:8      | Reached skill level 11 in Axes
  7996 | D:8      | Found Usteaff's Food Boutique.
  8245 | D:8      | Reached skill level 5 in Dodging
  8436 | D:9      | Found Qine's Book Shoppe.
  8462 | D:9      | Found a staircase to the Lair.
  8462 | D:9      | Found a burning altar of Makhleb.
  8583 | D:9      | Found an iron altar of Okawaru.
  8618 | D:9      | Found a bloodstained altar of Trog.
  8686 | D:9      | Found a snail-covered altar of Cheibriados.
  8762 | D:9      | Found a white marble altar of Elyvilon.
  8762 | D:9      | Found a hide-covered altar of Uskayaw.
  8771 | D:9      | Found a sacrificial altar of Ru.
  8771 | D:9      | Found a radiant altar of Vehumet.
  8772 | D:9      | Found an iron altar of Okawaru.
  8772 | D:9      | Found an ornate altar of the Wu Jian Council.
  8925 | D:10     | Entered Level 10 of the Dungeon
  8953 | Lair:1   | Entered Level 1 of the Lair of Beasts
  9009 | D:10     | Noticed a two-headed ogre
  9014 | D:10     | Killed a two-headed ogre
  9341 | D:10     | Noticed Fannar
  9361 | D:10     | Killed Fannar
  9361 | D:10     | Reached skill level 12 in Axes
  9812 | D:11     | Found a frozen archway.
  9835 | IceCv    | Entered an ice cave
  9858 | IceCv    | Slain by an ice devil

Skill      XL: |  1  2  3  4  5  6  7  8  9 10 11 |
---------------+----------------------------------+-----
Axes           | 3 4 5 7 9 10 12 | 12.3
Fighting       | 4 5 6 7 8 9 |  9.9
Dodging        | 2 3 4 5 |  5.3
Armour         | 3 5 6 7 8 |  8.6
Stealth        | 1 |  1.5

Action                   |  1- 3 |  4- 6 |  7- 9 | 10-12 || total
-------------------------+-------+-------+-------+-------++-------
Melee: Hand axe          |   128 |    96 |   354 |       ||   578
       Battleaxe         |       |       |    21 |   333 ||   354
Invok: Berserk           |     2 |     1 |    11 |     8 ||    22
  Use: Scroll            |       |       |    14 |     7 ||    21
       Potion            |       |       |     1 |       ||     1
  Eat: Chunk             |     1 |     2 |    17 |    17 ||    37
       Ration            |     1 |       |     2 |     1 ||     4
Armor: Animal skin       |    52 |       |       |       ||    52
       Leather armour    |     1 |    33 |    57 |       ||    91
       Chain mail        |       |       |   113 |   344 ||   457
Dodge: Dodged            |   113 |    66 |   220 |   234 ||   633
